 Dungeon Crawl Stone Soup version 0.29.0-4-gdea44cf6ec (webtiles) character file.

Game seed: 10489100144569638586

1706 qw the Grappler (level 8, 0/73 (79) HPs)
             Began as a Troll Cinder Acolyte on Aug 31, 2022.
             Was an Elder of Ignis.
             Slain by a wight
             ... wielding a +3 halberd of freezing
              (6 damage)
             ... on level 6 of the Dungeon.
             The game lasted 00:02:46 (4853 turns).

qw the Grappler (Troll Cinder Acolyte)              Turns: 4853, Time: 00:02:47

HP:   0/73 (79)     AC: 11    Str: 25    XL:     8   Next: 73%
MP:   8/8           EV:  9    Int: 10    God:    Ignis [****..]
Gold: 132           SH:  0    Dex:  5    Spells: 9/9 levels left

rFire   + + .      SeeInvis .     - Unarmed
rCold   . . .      Faith    .   (no shield)
rNeg    . . .      Spirit   .   a - +0 robe
rPois   .          Reflect  .   (helmet restricted)
rElec   .          Harm     .   (no cloak)
rCorr   .          Rampage  .   (gloves unavailable)
Will    .....                   (boots unavailable)
Stlth   +.........              (no amulet)
HPRegen 1.02/turn               k - ring of protection from fire
MPRegen 0.11/turn               (no ring)

@: about to teleport, fiery-armoured, drained
A: large, unfitting armour, claws 3, regeneration 1, shaggy fur 1, tough skin 1
a: Renounce Religion, Fiery Armour, Foxfire Swarm, Rising Flame


You were on level 6 of the Dungeon.
You worshipped Ignis.
Ignis was greatly pleased with you.
You visited 1 branch of the dungeon, and saw 6 of its levels.

You collected 326 gold pieces.
You spent 194 gold pieces at shops.


Innate Abilities, Weirdness & Mutations

You are too large for most types of armour.
You have claws for hands.
Your natural rate of healing is unusually fast.
You are covered in fur. (AC +1)
You have tough skin. (AC +1)


   Skills:
 - Level 4.3 Fighting
 - Level 2.2 Throwing
 - Level 1.2 Dodging
 + Level 10.2 Unarmed Combat
 - Level 1.0 Spellcasting
 - Level 2.1 Fire Magic


You had 9 spell levels left.
You didn't know any spells.
Your spell library contained the following spells:

 Spells                   Type           Power      Damage    Failure   Level
 Scorch                   Fire           8%         2d5       22%         2

Inventory:

Missiles
 e - 2 boomerangs
 i - a javelin (quivered)
Armour
 a - a +0 robe (worn)
Jewellery
 k - a ring of protection from fire (left claw)
Scrolls
 d - 4 scrolls of teleportation
 f - a scroll of enchant weapon
 h - a scroll of identify
Potions
 b - 2 potions of might
 c - 2 potions of heal wounds
 m - a potion of curing
 n - a potion of cancellation

Dungeon Overview and Level Annotations

Branches:
Dungeon (6/15)
 Temple: D:4-7

Altars:
Cheibriados
Kikubaaqudgha
Ru
Zin

Shops:
D:2 [   D:4 *   D:5 *


Message History

You scratch the wight but do no damage.
The wight is heavily damaged.
The wight hits you with a +0 battleaxe.
You feel drained.
The wight is burned by your cloak of flames.
The wight is heavily damaged.
The white imp barely misses you. The wight misses you.
You barely miss the wight.
The wight is heavily damaged.
The wight closely misses you.
The white imp hits you but does no damage.
The wight hits you from afar with a +3 halberd of freezing!
The wight freezes you.
An orc priest comes into view. It is wielding a +0 dagger.
4846 ||| Stepping ~*~*~tactically~*~*~ (outnumbered).
4847 ||| Stepping ~*~*~tactically~*~*~ (hiding).
You claw the wight!
You destroy the wight!
The wight hits you from afar with a +3 halberd of freezing.
You feel drained. The wight freezes you.
Things that are here:
a +0 battleaxe; a +0 robe
4850 ||| Stepping ~*~*~tactically~*~*~ (outnumbered).
You barely miss the necrophage. The necrophage hits you.
You feel drained.
The necrophage is burned by your cloak of flames.
The necrophage is moderately damaged.
The orc priest invokes the aid of Beogh against you.
Beogh smites you!
4852 ||| READING 5 scrolls of teleportation.
As you read the scroll of teleportation, it crumbles to dust.
You feel strangely unstable.
The orc priest calls down the wrath of Beogh upon you.
Beogh smites you! The necrophage barely misses you.
4853 ||| DRINKING 3 potions of heal wounds.
You feel much better.
The sentinel's mark upon you fades away.
The necrophage barely misses you.
The wight hits you from afar with a +3 halberd of freezing!
The wight freezes you.
You die...

##...###.####.##..###....#
'##### #........#
#.##..##...#.. ....#
########## #.##..##..#... #|.#
#####%)...##.#.... #.#
######..)..<...##...... #.#
##....)o....(....####### ###.#
#...o.o5z............
##...#####..####n###..........
...z...z5...# #@# #.##.......#
##.####.##### #.# #.###...#.##
#. #.# #.# #.# ...#.. .. #.#
#.. ... ...# .# #.# ### # #.#
... ... ..#


You could see a necrophage, a wight, an orc priest, a white imp and an orc.

Vanquished Creatures
  A black bear (D:6)
  2 ice beasts (D:6)
  2 ogres
  A centaur (D:6)
  4 necrophages
  3 scorpions
  2 wights (D:6)
  2 hounds (D:4)
  A gnoll bouda (D:4)
  An orc priest (D:6)
  3 iguanas
  Natasha (thrice) (D:3)
  3 orc wizards (D:5)
  Robin (D:3)
  10 gnolls
  7 adders
  A shadow imp (D:5)
  An ufetubus (D:5)
  3 dart slugs
  14 orcs
  10 ball pythons
  7 endoplasms
  6 giant cockroaches
  17 goblins
  7 hobgoblins
  4 jackals
  9 kobolds
  3 quokkas
  6 bats
  7 frilled lizards
  5 rats
146 creatures vanquished.

Notes
Turn   | Place    | Note
-------+----------+-------------------------------------------
     0 | D:1      | qw the Troll Cinder Acolyte began the quest for the Orb.
     0 | D:1      | Reached XP level 1. HP: 22/22 MP: 1/1
     0 | D:1      | 0 ||| qw: Version: 0.1-a-97-g2dd2ca4
     0 | D:1      | 0 ||| qw: Game counter: 4483
     0 | D:1      | 0 ||| qw: Always use a shield: true
     0 | D:1      | 0 ||| qw: God list: Okawaru
     0 | D:1      | 0 ||| qw: Allow faded altars: false
     0 | D:1      | 0 ||| qw: Do Orc after D:15 true
     0 | D:1      | 0 ||| qw: Do second Lair branch before Depths: true
     0 | D:1      | 0 ||| qw: Lair rune preference: random
     0 | D:1      | 0 ||| qw: Plans: Normal
     0 | D:1      | 0 ||| PLANNING D:1-11
   113 | D:1      | 113 ||| Stepping ~*~*~tactically~*~*~ (hiding).
   311 | D:1      | 311 ||| Stepping ~*~*~tactically~*~*~ (stealth).
   337 | D:1      | Reached XP level 2. HP: 29/29 MP: 2/2
   346 | D:1      | 346 ||| Stepping ~*~*~tactically~*~*~ (stealth).
   347 | D:1      | 347 ||| Stepping ~*~*~tactically~*~*~ (stealth).
   348 | D:1      | 348 ||| Stepping ~*~*~tactically~*~*~ (stealth).
   349 | D:1      | 349 ||| Stepping ~*~*~tactically~*~*~ (stealth).
   473 | D:1      | Reached skill level 4 in Unarmed Combat
   529 | D:1      | Found a faded altar of an unknown god.
   589 | D:1      | 589 ||| Stepping ~*~*~tactically~*~*~ (stealth).
   609 | D:1      | Reached XP level 3. HP: 33/33 MP: 3/3
   711 | D:1      | 711 ||| Stepping ~*~*~tactically~*~*~ (stealth).
   803 | D:1      | 803 ||| Stepping ~*~*~tactically~*~*~ (stealth).
   804 | D:1      | 804 ||| Stepping ~*~*~tactically~*~*~ (stealth).
  1083 | D:1      | 1083 ||| READING scroll labelled FUHUFOS SEJILI.
  1084 | D:1      | 1084 ||| READING 4 scrolls labelled WEISAXK IPUNN.
  1087 | D:1      | 1087 ||| READING scroll labelled YDWILL KYRAI.
  1095 | D:2      | 1095 ||| STAIRDANCE
  1103 | D:2      | 1103 ||| STAIRDANCE
  1197 | D:2      | Found Zuafiy's Antique Armour Boutique.
  1234 | D:2      | 1234 ||| SHOPLISTING glowing cloak (157 gold, have 43).
  1234 | D:2      | 1234 ||| SHOPLISTING runed hat (147 gold, have 43).
  1347 | D:2      | 1347 ||| Stepping ~*~*~tactically~*~*~ (stealth).
  1359 | D:2      | 1359 ||| INVOKING Fiery Armour.
  1364 | D:2      | 1364 ||| Stepping ~*~*~tactically~*~*~ (outnumbered).
  1365 | D:2      | 1365 ||| Stepping ~*~*~tactically~*~*~ (outnumbered).
  1367 | D:2      | 1367 ||| Stepping ~*~*~tactically~*~*~ (outnumbered).
  1369 | D:2      | Reached skill level 5 in Unarmed Combat
  1369 | D:2      | Reached XP level 4. HP: 39/44 MP: 4/4
  1409 | D:2      | 1409 ||| Stepping ~*~*~tactically~*~*~ (hiding).
  1413 | D:2      | 1413 ||| Stepping ~*~*~tactically~*~*~ (hiding).
  1414 | D:2      | 1414 ||| Stepping ~*~*~tactically~*~*~ (hiding).
  1746 | D:2      | Found a sacrificial altar of Ru.
  1873 | D:2      | 1873 ||| READING scroll labelled XAIHAL VOELEL.
  1874 | D:2      | 1874 ||| READING scroll labelled HEQOIFF IDGHYHU.
  1875 | D:2      | 1875 ||| READING scroll labelled ALOUGO OROQI.
  1876 | D:2      | 1876 ||| DRINKING 2 pink potions.
  1927 | D:2      | 1927 ||| DROPPING potion of lignification.
  1953 | D:3      | Found a glowing silver altar of Zin.
  1961 | D:3      | Noticed Robin
  1962 | D:3      | 1962 ||| Stepping ~*~*~tactically~*~*~ (hiding).
  1970 | D:3      | 1970 ||| INVOKING Fiery Armour.
  1975 | D:3      | Killed Robin
  1976 | D:3      | Reached XP level 5. HP: 47/50 MP: 5/5
  1978 | D:3      | Noticed Natasha
  1979 | D:3      | 1979 ||| Stepping ~*~*~tactically~*~*~ (hiding).
  1980 | D:3      | 1980 ||| Stepping ~*~*~tactically~*~*~ (hiding).
  1983 | D:3      | 1983 ||| Stepping ~*~*~tactically~*~*~ (hiding).
  1985 | D:3      | 1985 ||| Stepping ~*~*~tactically~*~*~ (hiding).
  1991 | D:3      | Killed Natasha
  1992 | D:3      | Reached skill level 6 in Unarmed Combat
  2097 | D:3      | Noticed Natasha
  2103 | D:3      | Killed Natasha
  2128 | D:3      | 2128 ||| Stepping ~*~*~tactically~*~*~ (stealth).
  2132 | D:3      | Noticed Natasha
  2219 | D:3      | 2219 ||| Stepping ~*~*~tactically~*~*~ (hiding).
  2414 | D:3      | Killed Natasha
  2753 | D:3      | 2753 ||| READING scroll labelled ALACEDY ZOKUEMM.
  2776 | D:4      | 2776 ||| STAIRDANCE
  2786 | D:4      | Found Vitiar's General Store.
  2794 | D:4      | 2794 ||| BUYING 2 potions of might (104 gold).
  2794 | D:4      | Bought 2 potions of might for 104 gold pieces
  2794 | D:4      | 2794 ||| SHOPLISTING ring of fire (325 gold, have 24).
  2887 | D:4      | 2887 ||| Stepping ~*~*~tactically~*~*~ (hiding).
  2911 | D:4      | Reached XP level 6. HP: 44/59 MP: 6/6
  2948 | D:4      | 2948 ||| INVOKING Fiery Armour.
  2950 | D:4      | Reached skill level 7 in Unarmed Combat
  3102 | D:4      | Reached skill level 1 in Throwing
  3184 | D:4      | Reached XP level 7. HP: 66/66 MP: 7/7
  3207 | D:4      | Found an ancient bone altar of Kikubaaqudgha.
  3591 | D:4      | 3591 ||| READING scroll labelled GAEKHL LUNTIFIAGE.
  3647 | D:5      | Entered Level 5 of the Dungeon
  3655 | D:5      | Reached skill level 8 in Unarmed Combat
  3655 | D:5      | 3655 ||| STAIRDANCE
  3667 | D:5      | 3667 ||| Stepping ~*~*~tactically~*~*~ (hiding).
  3669 | D:5      | 3669 ||| Stepping ~*~*~tactically~*~*~ (hiding).
  3679 | D:5      | 3679 ||| Stepping ~*~*~tactically~*~*~ (stealth).
  3691 | D:5      | 3691 ||| Stepping ~*~*~tactically~*~*~ (outnumbered).
  3692 | D:5      | 3692 ||| Stepping ~*~*~tactically~*~*~ (outnumbered).
  3693 | D:5      | 3693 ||| Stepping ~*~*~tactically~*~*~ (outnumbered).
  3694 | D:5      | 3694 ||| Stepping ~*~*~tactically~*~*~ (outnumbered).
  3695 | D:5      | 3695 ||| Stepping ~*~*~tactically~*~*~ (outnumbered).
  3696 | D:5      | 3696 ||| Stepping ~*~*~tactically~*~*~ (hiding).
  3794 | D:5      | Reached skill level 3 in Fighting
  3971 | D:5      | Reached skill level 9 in Unarmed Combat
  4179 | D:5      | Found Ytupnat's General Store.
  4186 | D:5      | 4186 ||| BUYING potion of heal wounds (50 gold).
  4186 | D:5      | Bought a potion of heal wounds for 50 gold pieces
  4186 | D:5      | 4186 ||| BUYING scroll of identify (20 gold).
  4186 | D:5      | Bought a scroll of identify for 20 gold pieces
  4186 | D:5      | 4186 ||| BUYING scroll of identify (20 gold).
  4186 | D:5      | Bought a scroll of identify for 20 gold pieces
  4190 | D:5      | Found a snail-covered altar of Cheibriados.
  4305 | D:5      | Reached skill level 1 in Dodging
  4397 | D:5      | 4397 ||| UPGRADING to ring of protection from fire.
  4398 | D:5      | 4398 ||| DROPPING +6 ring of intelligence.
  4399 | D:5      | 4399 ||| DRINKING 2 inky potions.
  4400 | D:5      | 4400 ||| READING 4 scrolls of identify.
  4400 | D:5      | 4400 ||| IDENTIFYING black potion
  4401 | D:5      | 4401 ||| READING 3 scrolls of identify.
  4401 | D:5      | 4401 ||| IDENTIFYING fizzy yellow potion
  4402 | D:5      | 4402 ||| READING 2 scrolls of identify.
  4402 | D:5      | 4402 ||| IDENTIFYING bubbling ruby potion
  4403 | D:5      | 4403 ||| DROPPING potion of brilliance.
  4404 | D:5      | 4404 ||| DROPPING potion of invisibility.
  4567 | D:6      | 4567 ||| Stepping ~*~*~tactically~*~*~ (stealth).
  4569 | D:6      | 4569 ||| Stepping ~*~*~tactically~*~*~ (hiding).
  4576 | D:6      | Reached XP level 8. HP: 69/75 MP: 8/8
  4710 | D:6      | 4710 ||| Stepping ~*~*~tactically~*~*~ (hiding).
  4711 | D:6      | 4711 ||| Stepping ~*~*~tactically~*~*~ (hiding).
  4714 | D:6      | 4714 ||| Stepping ~*~*~tactically~*~*~ (hiding).
  4723 | D:6      | 4723 ||| INVOKING Fiery Armour.
  4727 | D:6      | Reached skill level 10 in Unarmed Combat
  4816 | D:6      | 4816 ||| FLEEEEING.
  4819 | D:6      | 4819 ||| FLEEEEING.
  4820 | D:6      | 4820 ||| FLEEEEING.
  4821 | D:6      | 4821 ||| FLEEEEING.
  4822 | D:6      | 4822 ||| FLEEEEING.
  4823 | D:6      | 4823 ||| FLEEEEING.
  4824 | D:6      | 4824 ||| FLEEEEING.
  4825 | D:6      | 4825 ||| FLEEEEING.
  4831 | D:6      | 4831 ||| Stepping ~*~*~tactically~*~*~ (hiding).
  4840 | D:6      | 4840 ||| Stepping ~*~*~tactically~*~*~ (outnumbered).
  4842 | D:6      | 4842 ||| INVOKING Fiery Armour.
  4846 | D:6      | 4846 ||| Stepping ~*~*~tactically~*~*~ (outnumbered).
  4847 | D:6      | 4847 ||| Stepping ~*~*~tactically~*~*~ (hiding).
  4850 | D:6      | 4850 ||| Stepping ~*~*~tactically~*~*~ (outnumbered).
  4851 | D:6      | HP: 10/73 [orc priest/divine providence (11)]
  4852 | D:6      | 4852 ||| READING 5 scrolls of teleportation.
  4852 | D:6      | HP: 2/73 [orc priest/divine providence (9)]
  4853 | D:6      | 4853 ||| DRINKING 3 potions of heal wounds.
  4853 | D:6      | Slain by a wight

Levels and vault maps discovered:
D:1:      lemuel_arrival_river_ford, layout_loops_corners,
          ebering_ecumenical_altar_petrified
D:2:      layout_basic, basic_altar, serial_shops, shop, minmay_pentomino_pile
D:3:      layout_basic, overflow_temple_1_default, uniq_robin, uniq_natasha
D:4:      wad_river_or_something, layout_loops_ring,
          mainiacjoe_overflow_alcove_4, serial_shops, shop, st_stairs_9
D:5:      layout_loops_ring, cheibriados_altar_1, serial_shops, shop
D:6:      layout_loops_ring, chequers_serial_rivers_micro_a,
          hangedman_decor_slide_cut, kennysheep_generic_room_2

Skill      XL: |  1  2  3  4  5  6  7  8 |
---------------+-------------------------+-----
Unarmed Combat | 4 5 6 7 9 10 | 10.2
Throwing       | 1 2 |  2.2
Fighting       | 3 4 |  4.3
Dodging        | 1 |  1.2
Spellcasting   | |  1.0
Fire Magic     | |  2.1

Action                   |  1- 3 |  4- 6 |  7- 9 || total
-------------------------+-------+-------+-------++-------
Melee: Unarmed           |   120 |   131 |   112 ||   363
       Punch             |       |     5 |     3 ||     8
Throw: Boomerang         |       |    14 |     7 ||    21
       Javelin           |       |     2 |    34 ||    36
Invok: Fiery Armour      |     1 |     2 |     2 ||     5
  Use: Scroll            |     3 |     4 |     5 ||    12
       Potion            |       |     1 |     2 ||     3
Armor: Robe              |    43 |    52 |    20 ||   115
Dodge: Dodged            |    58 |    56 |    38 ||   152

Table legend:
 A = Non-vault XP
 B = Vault XP
 C = Vault XP percentage of total XP
 D = Non-vault monster count
 E = Vault monster count
 F = Vault count percentage of total count
                 A         B        C        D         E       F
            +---------+---------+-------+---------+---------+-------
      Total |    2228 |     210 |   8.6 |     117 |      29 |  19.9
            +---------+---------+-------+---------+---------+-------
        D:1 |      70 |       0 |   0.0 |      35 |       0 |   0.0
        D:2 |      88 |       6 |   6.4 |      16 |       4 |  20.0
        D:3 |     115 |      77 |  40.1 |      18 |      15 |  45.5
        D:4 |     263 |     127 |  32.6 |      13 |      10 |  43.5
        D:5 |     629 |       0 |   0.0 |      19 |       0 |   0.0
        D:6 |    1063 |       0 |   0.0 |      16 |       0 |   0.0
            +---------+---------+-------+---------+---------+-------
